Map: Sequencer LE

Players

caVemAn - Winner!

  • Race: Protoss Protoss
  • League: Platinum
  • Spawn Location: 1:00

Juxtapose

  • Race: Terran Terran
  • League: Silver
  • Spawn Location: 7:00

VOD

https://youtu.be/n_MmQ2okJ1E

Description

I'm quite please with how I handled the early Oracle harass in this match, and overall how I performed until the Zealot harass. Generally I had the right idea and simply lacked in experience and execution.

I was disappointed in being matched with another Platinum opponent though.

Time

  • Played on: July 16, 2017, 3:39 p.m.
  • Length: 15:22
Show
View Real Time Build Order
Export as new Build Order

caVemAn Protoss - Winner!

Build Orders: Oracle Opening 

Get SALT Encoding   

  12  0:01  Probe (Chrono Boost)  
  13  0:11  Probe (Chrono Boost)  
  14  0:19  Pylon  
  14  0:22  Probe (Chrono Boost)  
  15  0:37  Probe (Chrono Boost)  
  15  0:38  Gateway  
  16  0:44  Assimilator  
  16  0:48  Probe (Chrono Boost)  
  17  0:59  Probe (Chrono Boost)  
  18  1:04  Gateway  
  18  1:09  Probe (Chrono Boost)  
  19  1:13  Assimilator  
  19  1:36  Cybernetics Core  
  19  1:39  Probe (Chrono Boost)  
  20  1:50  Probe (Chrono Boost)  
  21  2:00  Nexus  
  21  2:03  Probe (Chrono Boost)  
  22  2:12  Warp Gate  
  22  2:26  Stargate  
  22  2:49  Pylon  
  22  2:57  Gateway  
  22  3:07  Mothership Core (Chrono Boost), Stalker x2  
  28  3:22  Probe, Oracle (Chrono Boost)  
  28  3:26  Pylon  
  32  3:31  Probe  
  32  3:32  Probe  
  34  3:43  Probe  
  35  3:52  Probe (Chrono Boost)  
  40  3:58  Probe (Chrono Boost)  
  41  4:07  Probe (Chrono Boost)  
  38  4:18  Robotics Facility  
  38  4:21  Probe x2 (Chrono Boost)  
  38  4:22  Stalker x3  
  47  4:31  Probe x2 (Chrono Boost)  
  45  4:40  Pylon  
  45  4:42  Probe x2 (Chrono Boost)  
  47  4:46  Assimilator  
  47  4:49  Assimilator  
  48  4:53  Probe x2 (Chrono Boost)  
  48  4:56  Twilight Council  
  49  5:03  Probe x2 (Chrono Boost)  
  49  5:05  Observer  
  52  5:14  Probe x2 (Chrono Boost)  
  54  5:19  Stalker x2  
  58  5:24  Probe x2 (Chrono Boost)  
  58  5:26  Observer  
  61  5:29  Pylon  
  61  5:48  Observer  
  62  5:50  Pylon  
  62  5:57  Stalker x3  
  66  6:24  Stalker x3  
  72  6:39  Immortal  
  76  6:47  Zealot  
  77  7:01  Pylon  
  77  7:04  Pylon  
  77  7:06  Nexus  
  75  7:27  Forge  
  75  7:28  Forge  
  75  7:31  Warp Prism, Robotics Bay  
  77  7:39  Zealot  
  73  8:25  Stalker  
  73  8:26  Stalker x2  
  71  8:34  Probe x2 (Chrono Boost)  
  73  8:39  Extended Thermal Lance  
  73  8:44  Gateway  
  73  8:45  Gateway  
  73  8:48  Colossus  
  79  8:49  Gateway x2  
  79  8:51  Stalker x2  
  79  8:52  Stalker  
  79  8:54  Blink (Chrono Boost)  
  85  9:00  Protoss Ground Armor Level 1 (Chrono Boost), Protoss Ground Weapons Level 1 (Chrono Boost)  
  85  9:09  Pylon  
  85  9:12  Pylon  
  85  9:19  Robotics Facility  
  85  9:22  Stalker x3  
  85  9:23  Pylon  
  91  9:24  Pylon  
  91  9:32  Probe x2  
  91  9:37  Probe  
  93  9:41  Assimilator  
  93  9:42  Observer  
  93  9:43  Zealot x3  
  93  9:44  Probe x2  
  103  10:01  Templar Archives  
  103  10:03  Colossus  
  109  10:18  Nexus  
  109  10:19  Colossus  
  115  10:22  Pylon  
  115  10:23  Pylon, Stalker  
  115  10:25  Psionic Storm, Pylon  
  115  10:26  Probe x2  
  119  10:29  Pylon  
  119  10:34  Probe  
  120  10:39  Charge  
  120  10:40  High Templar x2  
  124  10:45  High Templar  
  126  10:56  Zealot x3  
  126  10:57  Zealot  
  134  10:58  Probe  
  134  10:59  Probe  
  136  11:11  Photon Cannon  
  136  11:13  Observer  
  136  11:14  Photon Cannon  
  137  11:29  Zealot  
  137  11:30  Zealot x5  
  137  11:31  Zealot  
  149  11:52  Zealot  
  149  11:53  Zealot x5  
  149  11:54  Zealot  
  162  12:28  Pylon  
  162  12:30  Pylon  
  162  12:32  Pylon  
  160  12:54  Probe  
  160  12:58  Probe  
  157  12:59  Probe  
  147  13:07  Probe  
  147  13:11  Probe  
  145  13:13  Pylon  
  145  13:16  Immortal x2  
  145  13:17  Nexus  
  149  13:20  Zealot x2, Pylon  
  149  13:21  Zealot x2, Pylon x2  
  149  13:23  Pylon  
  157  13:27  Pylon  
  157  13:30  Photon Cannon  
  157  13:32  Pylon, Photon Cannon  
  157  13:38  Zealot x3  
  157  13:49  Zealot  
  157  14:00  Assimilator  
  157  14:03  High Templar  
  157  14:04  Assimilator, High Templar x4  
  157  14:07  High Templar  
  157  14:08  Archon x3  
  157  14:09  Archon  
  169  14:16  High Templar  
  171  14:39  Pylon  
  171  14:42  High Templar x2  
  171  14:43  High Templar x2  
Show
View Real Time Build Order
Export as new Build Order

Juxtapose Terran 

Build Orders: MMM Bio 

Get SALT Encoding   

  12  0:01  SCV  
  13  0:14  SCV  
  14  0:22  Supply Depot  
  14  0:26  SCV  
  15  0:44  SCV  
  15  0:46  Barracks  
  16  0:56  SCV  
  17  1:00  Supply Depot  
  17  1:08  SCV  
  18  1:18  Refinery  
  18  1:20  SCV  
  20  1:34  Orbital Command  
  20  1:38  Marine  
  20  1:52  Barracks  
  20  1:56  Marine  
  21  2:03  SCV  
  21  2:05  Refinery  
  22  2:14  Marine  
  22  2:15  SCV  
  24  2:25  Factory  
  24  2:27  SCV  
  25  2:43  Barracks Tech Lab  
  25  2:45  Barracks Reactor  
  25  3:07  Engineering Bay  
  25  3:16  Widow Mine  
  25  3:19  Marine  
  28  3:21  Stimpack  
  28  3:23  Marine x2  
  30  3:28  Supply Depot  
  30  3:37  Marine  
  31  3:49  Marine x2  
  31  3:51  Supply Depot  
  33  3:56  Missile Turret  
  33  4:00  Factory Reactor  
  33  4:05  Marine  
  33  4:06  Starport  
  33  4:07  Marine x2  
  36  4:23  Marine  
  36  4:24  Command Center  
  37  4:25  SCV  
  37  4:27  Marine x2  
  39  4:45  Widow Mine x2  
  39  4:47  Marine x3  
  46  5:05  Marine  
  47  5:09  Terran Infantry Weapons Level 1  
  47  5:17  Supply Depot  
  47  5:21  Supply Depot  
  47  5:28  Starport Tech Lab  
  47  5:35  Marine x3, Widow Mine x2  
  54  5:36  Orbital Command  
  54  5:53  Marine x3  
  57  6:04  Orbital Command  
  57  6:11  Marine x3  
  57  6:17  Medivac  
  58  6:22  SCV  
  57  6:30  Liberator  
  56  6:34  Marine x3  
  51  6:52  Marine  
  46  7:03  SCV  
  46  7:05  SCV  
  48  7:13  Liberator  
  48  7:15  Factory Tech Lab, SCV  
  49  7:17  SCV  
  49  7:21  Barracks  
  49  7:26  Marine x3  
  49  7:27  SCV  
  54  7:30  SCV  
  57  7:43  Marine  
  57  7:44  Marine x2  
  59  7:51  Concussive Shells  
  60  8:00  Missile Turret  
  60  8:01  Marine x3  
  63  8:13  Medivac  
  63  8:19  Marine x2  
  59  8:33  Combat Shields  
  59  8:43  Medivac  
  59  8:44  Refinery  
  59  8:47  Corvid Reactor, Refinery  
  61  8:53  Marine x3  
  64  9:04  Command Center  
  64  9:11  Marine x3  
  64  9:13  Medivac  
  64  9:17  Marine x2  
  69  9:19  Siege Tank  
  74  9:28  SCV x2  
  74  9:29  Marine  
  77  9:40  SCV  
  77  9:43  Terran Infantry Armor Level 1  
  78  9:46  Supply Depot  
  78  9:50  Armory  
  78  10:07  Marine x4, Medivac  
  78  10:08  SCV x2  
  78  10:09  Supply Depot  
  86  10:15  Marine  
  86  10:16  Siege Tank  
  86  10:18  Missile Turret  
  86  10:19  Planetary Fortress  
  86  10:20  SCV x2  
  92  10:25  Marine x2  
  94  10:32  SCV x2  
  96  10:37  Medivac  
  98  10:44  SCV x2  
  98  10:48  Siege Tank  
  103  10:56  Refinery, SCV x2  
  103  10:57  SCV  
  106  11:03  Supply Depot  
  106  11:06  Marine x2  
  106  11:07  Marine  
  109  11:24  Raven, Siege Tank, SCV  
  115  11:27  Supply Depot  
  115  11:36  SCV  
  105  11:48  SCV  
  105  11:50  Supply Depot  
  99  11:56  Siege Tank  
  100  12:06  Marine x4  
  100  12:07  Raven  
  102  12:10  Marine  
  102  12:12  Supply Depot  
  90  12:23  Marine  
  90  12:26  SCV  
  90  12:28  Siege Tank, Marine  
  84  12:38  SCV  
  84  12:39  SCV  
  84  12:50  SCV  
  83  12:51  SCV  
  77  14:10  Barracks  
  77  14:25  Supply Depot  
  77  14:47  Supply Depot  
  77  15:00  Supply Depot  
  70  15:08  SCV  
  70  15:09  Supply Depot  
Tags
 
Composition
MMM Bio
Matchup
PvT
Spawn Locations
Cross Positions
Add a new tag
Caveats
  • Supply blocks, unpowered buildings, or Contaminate may cause inaccurate times.
  • Supply counts are checked every 10 seconds.